 Dungeon Crawl Stone Soup version 0.18-a0-1791-g880dd48 (webtiles) character file.

170 Astra the Shield-Bearer (level 5, 0/46 HPs)
             Began as a Hill Orc Fighter on Apr 21, 2016.
             Slain by an orc wizard
             ... wielding a +0 dagger
              (2 damage)
             ... on level 4 of the Dungeon.
             The game lasted 01:42:48 (1566 turns).

Astra the Shield-Bearer (Hill Orc Fighter)          Turns: 1566, Time: 01:42:48

Health: 0/46       AC: 11    Str: 20    XL:     5   Next: 50%
Magic:  5/5        EV:  4    Int:  8    God:
Gold:   85         SH:  0    Dex: 10    Spells: 0 memorised, 4 levels left

rFire  . . .     SeeInvis .     a - +0 war axe
rCold  . . .     Gourm    .     s - +0 plate armour
rNeg   . . .     Faith    .     c - +0 shield
rPois  .         Spirit   .     (no helmet)
rElec  .         Dismiss  .     (no cloak)
rCorr  .         Reflect  .     (no gloves)
SustAt .         Harm     .     (no boots)
MR     .....                    (no amulet)
Stlth  ..........               (no ring)
                                (no ring)

@: confused, not resistant to hostile enchantments, extremely unstealthy
A: no striking features
a: Convert to Beogh


You were on level 4 of the Dungeon.
You were not hungry.

You visited 1 branch of the dungeon, and saw 4 of its levels.

You collected 85 gold pieces.

Inventory:

Hand Weapons
 a - a +0 war axe (weapon)
 f - a +0 hand axe
 i - a +0 club
 l - a +0 club
 m - a +0 dagger
 n - a +0 club
 o - a +0 club
 q - a +0 dagger
 t - a +0 hunting sling
 v - a +0 short sword
 w - a +0 giant club
 C - a +0 war axe
Missiles
 e - 45 bolts
 g - 39 stones (quivered)
 x - 12 poisoned needles
Armour
 b - a +0 scale mail
 c - a +0 shield (worn)
 h - a +0 ring mail
 p - a +0 leather armour
 s - a +0 plate armour (worn)
 u - a +0 leather armour
 D - a +0 buckler
Scrolls
 k - a scroll of enchant weapon {unknown}
 r - a scroll of noise {unknown}
 B - a scroll of identify {unknown}
Potions
 d - a potion of might
Comestibles
 j - a slice of pizza
 z - a meat ration


   Skills:
 + Level 4.3 Fighting
 + Level 4.0 Axes
 + Level 0.5 Throwing
 + Level 4.2 Armour
 + Level 1.1 Dodging
 + Level 4.4 Shields


You had 4 spell levels left.
You didn't know any spells.

Dungeon Overview and Level Annotations

Branches:
Dungeon (4/15)
 Temple: D:4-7

Altars:


Message History

You hear some strange, mumbled words.
You are confused.
The orc wizard points at you and mumbles some strange words.
The puff of frost hits you!
The orc priest shouts, "Join the one true god or die!"
You're too confused to move!
You miss something. You barely miss the orc wizard.
The orc wizard is severely wounded.
The orc priest calls upon Beogh to heal the orc wizard.
The orc wizard is healed somewhat.
The orc wizard hits you but does no damage.
You're too confused to move!
Something hits you but does no damage.
The orc wizard hits you but does no damage.
Found 24 arrows.
You closely miss something.
The orc priest miscasts a cantrip.
You hear some strange, mumbled words.
You are more confused.
Something hits you.
You die...

***,********,,,,,*
#....(* **,,,**
#....,************
#....,,,,,,,,,,,,*
*...,,,,,,,*****,**
*...,,,,**,* *,,,
*#.#**,,**,* *,,*
#.# *,,**,*****,,*
#@# *,,,,,,,,,,,,,
#{# *,,#*,*****,*,
#o###..##.*****,*,
#.o[o.....,,,,,,,,
#.###..##.**,,,,,,
#.........*,,,,,,,
#.###.....,,,,,,,*
##...#,,..,*,,,,,,*
##.###..#**,**,*,***


You could see an orc priest and an orc wizard.

Vanquished Creatures
  An ogre (D:4)
  An iguana (D:4)
  An adder (D:2)
  3 dart slugs (D:1)
  2 giant geckos (D:1)
  An orc (D:4)
  A ball python (D:2)
  8 bats
  2 giant cockroaches
  5 goblins
  3 hobgoblins
  4 jackals (D:1)
  3 giant newts (D:1)
  5 kobolds
  3 rats
  A plant (D:1)
44 creatures vanquished.

Notes
Turn   | Place    | Note
--------------------------------------------------------------
     0 | D:1      | Astra the Hill Orc Fighter began the quest for the Orb.
     0 | D:1      | Reached XP level 1. HP: 19/19 MP: 1/1
   156 | D:1      | Reached XP level 2. HP: 27/27 MP: 2/2
   277 | D:1      | Reached XP level 3. HP: 23/33 MP: 3/3
   844 | D:2      | Reached XP level 4. HP: 34/40 MP: 4/4
  1148 | D:4      | Noticed an ogre
  1159 | D:4      | Killed an ogre
  1159 | D:4      | Reached skill level 1 in Dodging
  1159 | D:4      | Reached XP level 5. HP: 17/46 MP: 5/5
  1554 | D:4      | HP: 1/46 [orc priest/divine providence (14)]
  1566 | D:4      | Slain by an orc wizard

Vault maps used:
D:1:      lightli_arrival_statuegarden
D:2:      tso_oasis_becter, kennysheep_okawaru_gauntlet
D:3:      uniq_iyjb, uniq_terence, uniq_jessica
D:4:      first_bread, grunt_decor_resistance

Skill      XL: |  1  2  3  4 |
---------------+-------------+-----
Axes           | 3 4 |  4.0
Fighting       | 4 |  4.3
Armour         | 4 |  4.2
Shields        | 4 |  4.4
Dodging        | 1 |  1.1
Throwing       | |  0.5

Action                   |  1- 3 |  4- 6 || total
-------------------------+-------+-------++-------
Melee: War axe           |   144 |    32 ||   176
 Fire: Hunting sling     |       |     4 ||     4
Throw: Stone             |     5 |     1 ||     6
  Use: Scroll            |     1 |     1 ||     2
       Potion            |     1 |       ||     1
  Eat: Bread ration      |     1 |       ||     1
       Fruit             |       |     1 ||     1
Armor: Scale mail        |    97 |       ||    97
       Plate armour      |    33 |    19 ||    52
Dodge: Dodged            |    70 |     2 ||    72
Block: Shield            |   108 |    11 ||   119
